 Dungeon Crawl Stone Soup version 0.29.1-2-gbd0b4ee654 (webtiles) character file.

Game seed: 10617851770184326142

35420 safid the Marksminotaur (level 13, -9/117 HPs)
             Began as a Minotaur Hunter on Nov 28, 2022.
             Was a High Priest of Okawaru.
             Mangled by a two-headed ogre
             ... wielding a +0 giant spiked club
              (12 damage)
             ... while paralysed by an ogre mage
             ... on level 2 of the Orcish Mines.
             The game lasted 00:41:16 (14254 turns).

safid the Marksminotaur (Minotaur Hunter)          Turns: 14254, Time: 00:41:17

Health: -9/117     AC: 15    Str: 17    XL:     13   Next: 47%
Magic:  13/17      EV:  2    Int:  6    God:    Okawaru [*****.]
Gold:   1428       SH:  0    Dex: 24    Spells: 12/12 levels left

rFire   + + .      SeeInvis .   B - +5 triple crossbow (flame)
rCold   . . .      Faith    .   (shield currently unavailable)
rNeg    . . .      Spirit   .   v - +0 scale mail
rPois   .          Reflect  .   g - +2 hat
rElec   +          Harm     .   (no cloak)
rCorr   .          Rampage  .   x - +1 pair of gloves
Will    .....      NoCast   +   F - +2 pair of boots of Ejiotut {-Cast +Blink rElec rF++}
Stlth   +.........              f - amulet of regeneration
HPRegen 1.09/turn               q - +6 ring of dexterity
MPRegen 0.15/turn               D - ring of flight

@: paralysed, finesse-ful, flying
A: horns 2, retaliatory headbutt
a: Renounce Religion, Evoke Blink, Heroism, Finesse, Duel


You were on level 2 of the Orcish Mines.
You worshipped Okawaru.
Okawaru was extremely pleased with you.
You visited 4 branches of the dungeon, and saw 17 of its levels.
You also visited: Ossuary and Bailey.

You collected 1428 gold pieces.

Inventory:

Hand Weapons
 B - a +5 triple crossbow of flaming (weapon)
Missiles
 n - 2 curare-tipped darts
Armour
 g - a +2 hat (worn)
 v - a +0 scale mail (worn)
 x - a +1 pair of gloves (worn)
 F - the +2 pair of boots of Ejiotut (worn) {-Cast +Blink rElec rF++}
   (Okawaru gifted it to you on level 2 of the Lair of Beasts)

   rF:        It greatly protects you from fire.
   rElec:     It insulates you from electricity.
   +Blink:    It lets you blink.
   -Cast:     It prevents spellcasting.
Jewellery
 f - an amulet of regeneration (around neck)
 q - a +6 ring of dexterity (left hand)
 D - a ring of flight (right hand)
 H - a ring of protection from fire
Wands
 j - a wand of digging (6)
 p - a wand of flame (23)
 w - a wand of iceblast (11)
 J - a wand of mindburst (3)
Scrolls
 k - 3 scrolls of poison
 u - 3 scrolls of enchant armour
 y - 2 scrolls of silence
 z - 4 scrolls of blinking
Potions
 a - a potion of magic {unknown}
 b - 3 potions of berserk rage {unknown}
 c - a potion of cancellation {unknown}
 d - 6 potions of curing
 e - 3 potions of heal wounds
 h - 5 potions of might
 l - 4 potions of attraction {unknown}
 m - 3 potions of lignification {unknown}
 o - 2 potions of haste {unknown}
 r - a potion of resistance {unknown}
 C - a potion of mutation {unknown}
 G - 2 potions of ambrosia {unknown}


   Skills:
 + Level 11.8 Fighting
 * Level 18.5 Ranged Weapons
 - Level 8.0 Armour
 - Level 8.0 Dodging
 - Level 0.7 Stealth
 + Level 7.2 Invocations
 + Level 4.7 Evocations


You had 12 spell levels left.
You didn't know any spells.
Your spell library contained the following spells:

 Spells                   Type           Power      Damage    Failure   Level
 Blink                    Tloc           0%         N/A       91%         2
 Confusing Touch          Hex            0%         N/A       99%         3
 Gell's Gravitas          Tloc           0%         N/A       99%         3
 Ignite Poison            Fire/Tmut/Pois 0%         N/A       99%         3
 Mephitic Cloud           Conj/Pois/Air  0%         N/A       99%         3
 Portal Projectile        Hex/Tloc       0%         N/A       99%         3
 Teleport Other           Tloc           0%         N/A       99%         3
 Blade Hands              Tmut           0%         N/A       100%        5
 Freezing Cloud           Conj/Ice/Air   0%         6-21      100%        5
 Manifold Assault         Tloc           0%         N/A       100%        5
 Yara's Violent Unravell  Hex/Tmut       0%         3d3       100%        5
 Dispersal                Tloc           0%         N/A       100%        6
 Enfeeble                 Hex            0%         N/A       100%        7
 Orb of Destruction       Conj           0%         9d5       100%        7
 Storm Form               Tmut/Air       0%         N/A       100%        7
 Summon Guardian Golem    Hex/Summ       Unusable   N/A       N/A         3
 Tukima's Dance           Hex            Unusable   N/A       N/A         3
 Spellforged Servitor     Conj/Summ      Unusable   N/A       N/A         7

Dungeon Overview and Level Annotations

Branches:
Dungeon (10/15)            Temple (1/1) D:6            Lair (4/5) D:9
  Swamp (0/4) Lair:3       Spider (0/4) Lair:3          Orc (2/2) D:9
Ossuary (visited)          Bailey (visited)
  Slime: Lair:4-5       Elf: Orc:2

Altars:
Ashenzari
Cheibriados
Dithmenos
Elyvilon
Fedhas
Gozag
Hepliaklqana
Kikubaaqudgha
Makhleb
Nemelex Xobeh
Okawaru
Qazlal
Ru
Sif Muna
Trog
Uskayaw
Vehumet
Wu Jian
Xom
Yredelemnul
Zin
The Shining One

Annotations:
D:2 1 runed translucent door, Crazy Yiuf
D:6 Menkaure
D:7 exclusion: oklob plant
D:10 3 runed translucent doors, Rudyous's ghost, journeyman HOFi; lokiplouj's ghost, novice MiBe; mortz's ghost, novice MiFi; qeuew's ghost, journeyman SpHu; whiskeysaurus's ghost, journeyman DrCj
Lair:4 exclusion: 2 oklob plants


Innate Abilities, Weirdness & Mutations

You have a pair of horns on your head.
You reflexively headbutt those who attack you in melee.


Message History

The two-headed ogre seems to speed up.
Unknown command.
You shoot a bolt. The bolt hits the two-headed ogre!
The bolt burns the two-headed ogre.
The two-headed ogre is moderately wounded.
The ogre mage casts a spell at the two-headed ogre.
The two-headed ogre seems to speed up.
The orc sorcerer's eyes start to glow.
The ogre mage hits you from afar with a +0 spear.
You shoot a bolt. The bolt hits the two-headed ogre.
The bolt burns the two-headed ogre.
The two-headed ogre is moderately wounded.
Unknown command.
You shoot a bolt. The bolt hits the two-headed ogre!
The bolt burns the two-headed ogre!
The two-headed ogre is severely wounded.
The two-headed ogre hits you with a +0 giant club.
The two-headed ogre hits you with a +0 giant club!
The two-headed ogre hits you with a +0 giant club!!
The two-headed ogre hits you with a +0 giant club!
The ogre closely misses you.
The ogre mage mumbles some strange words.
The ogre mage flickers and vanishes!
Deactivating autopickup; reactivate with Ctrl-A.
The ogre mage casts a spell at you.
You suddenly lose the ability to move!
The orc sorcerer casts a spell.
The orc hits you but does no damage.
The two-headed ogre hits you with a +0 giant club! x2
* * * LOW HITPOINT WARNING * * *
The two-headed ogre hits you with a +0 giant club!
* * * LOW HITPOINT WARNING * * *
The two-headed ogre hits you with a +0 giant club.
* * * LOW HITPOINT WARNING * * *
Something hits you.
* * * LOW HITPOINT WARNING * * *
The two-headed ogre hits you with a +0 giant spiked club!
* * * LOW HITPOINT WARNING * * *
The two-headed ogre hits you with a +0 giant spiked club!
You die...

.O... ..). ...
#####OO########
......OO.......
...4..OO.......
...o..OOO......
#...OO@O{.....
......OO.o.....
...............
......#.....#..
...$...O.......
............#..
..... ....### #
#........##


You could see 4 two-headed ogres, 3 ogre magi, a chaos spawn (summoned), an orc
sorcerer, 9 ogres and an orc.

Vanquished Creatures
  Josephine (Lair:3)
  2 boulder beetles
  A hydra (Lair:3)
  Erica (Lair:2)
  8 two-headed ogres
  Nergalle (Lair:2)
  2 orc sorcerers (Orc:1)
  A will-o-the-wisp (Lair:3)
  An ugly thing (D:10)
  2 oklob plants
  5 black mambas
  A gargoyle (D:10)
  12 cane toads
  2 rime drakes
  8 komodo dragons
  2 trolls
  2 polar bears
  12 blink frogs
  5 wraiths (Lair:3)
  2 wyverns
  Grum (D:10)
  23 yaks
  A basilisk (Lair:2)
  2 wargs (Orc:1)
  An acid dragon (D:9)
  9 water moccasins
  13 orc warriors
  4 sky beasts
  A black bear (D:6)
  14 ogres
  14 wolves
  A centaur (D:4)
  5 kobold brigands (D:9)
  Blork the orc (D:6)
  3 elf zombies (Ossuary)
  A necrophage (D:6)
  9 bullfrogs
  6 gnoll sergeants
  3 scorpions (D:6)
  9 wights (D:8)
  5 killer bees (D:10)
  An electric eel (Lair:3)
  5 howler monkeys
  A centaur zombie (Ossuary)
  3 jellies
  3 human zombies (Ossuary)
  9 orc priests
  A gnoll bouda (D:5)
  An iguana (D:3)
  13 orc wizards
  7 hell rats
  A hound zombie (Ossuary)
  4 mummies
  17 gnolls
  5 adders
  A white imp (D:6)
  5 ufetubi
  4 adder zombies (Ossuary)
  4 worms
  A dart slug (D:1)
  48 orcs
  9 ball pythons
  9 bats
  24 endoplasms
  5 giant cockroaches
  3 gnoll zombies (Ossuary)
  13 goblins
  12 hobgoblins
  8 jackals
  19 kobolds
  5 quokkas
  6 frilled lizards
  5 goblin zombies (Ossuary)
  2 hobgoblin zombies (Ossuary)
  2 jackal zombies (Ossuary)
  3 kobold zombies (Ossuary)
  An orc zombie (Ossuary)
  5 quokka zombies (Ossuary)
  A rat (D:3)
  2 rat zombies (Ossuary)
465 creatures vanquished.

Vanquished Creatures (others)
  10 foxfires (Lair:3)
  20 fungi
  24 plants
54 creatures vanquished.

Grand Total: 519 creatures vanquished

Notes
Turn   | Place    | Note
-------+----------+-------------------------------------------
     0 | D:1      | safid the Minotaur Hunter began the quest for the Orb.
     0 | D:1      | Reached XP level 1. HP: 18/18 MP: 0/0
   213 | D:1      | Reached XP level 2. HP: 21/26 MP: 1/1
   280 | D:1      | Found a faded altar of an unknown god.
   895 | D:2      | Reached skill level 5 in Ranged Weapons
   895 | D:2      | Reached XP level 3. HP: 31/31 MP: 2/2
   927 | D:2      | Found a runed translucent door.
   928 | D:2      | Noticed Crazy Yiuf
  1426 | D:2      | Reached XP level 4. HP: 40/40 MP: 3/3
  1799 | D:3      | Found an ornate altar of the Wu Jian Council.
  1926 | D:3      | Found a white marble altar of Elyvilon.
  1978 | D:3      | Reached XP level 5. HP: 47/47 MP: 4/4
  1984 | D:3      | Reached skill level 5 in Fighting
  1984 | D:3      | Reached skill level 6 in Ranged Weapons
  2632 | D:4      | Noticed an ogre
  2637 | D:4      | Killed an ogre
  2638 | D:4      | Reached XP level 6. HP: 57/57 MP: 5/5
  2899 | D:4      | Reached skill level 7 in Ranged Weapons
  3253 | D:5      | Entered Level 5 of the Dungeon
  3301 | D:5      | Reached XP level 7. HP: 50/64 MP: 6/6
  3576 | D:5      | Found a hazy altar of Hepliaklqana.
  4045 | D:6      | Reached skill level 8 in Ranged Weapons
  4204 | D:6      | Reached XP level 8. HP: 62/74 MP: 7/7
  4227 | D:6      | Reached skill level 9 in Ranged Weapons
  4325 | D:6      | Reached skill level 10 in Ranged Weapons
  4373 | D:6      | Found an opulent altar of Gozag.
  4405 | D:6      | Noticed Blork the orc
  4412 | D:6      | Killed Blork the orc
  4453 | D:6      | Found a staircase to the Ecumenical Temple.
  4462 | Temple   | Entered the Ecumenical Temple
  4792 | Temple   | Became a worshipper of Warmaster Okawaru
  5016 | D:6      | Found a snail-covered altar of Cheibriados.
  5115 | D:6      | Reached skill level 11 in Ranged Weapons
  5145 | D:6      | Noticed Menkaure
  5169 | D:7      | Found a sand-covered staircase.
  5173 | Ossuary  | Entered an ossuary
  5342 | Ossuary  | Reached XP level 9. HP: 80/81 MP: 8/8
  5424 | Ossuary  | Reached * piety under Okawaru
  5494 | Ossuary  | Reached skill level 12 in Ranged Weapons
  5555 | D:7      | Noticed an oklob plant
  5650 | D:7      | Found a flagged portal.
  5682 | Bailey   | Entered a bailey
  5713 | Bailey   | Noticed an orc warlord
  5819 | Bailey   | Found a runed translucent gate.
  5822 | Bailey   | Found a runed translucent gate.
  5824 | Bailey   | Found a runed translucent gate.
  5838 | Bailey   | Reached skill level 13 in Ranged Weapons
  6135 | D:7      | Reached ** piety under Okawaru
  6295 | D:7      | Identified the +9 flail "Quer Lij" {venom, rPois rF+}
  6323 | D:7      | Found a bloodstained altar of Trog.
  6586 | D:7      | Found a sacrificial altar of Ru.
  6978 | D:8      | Reached skill level 14 in Ranged Weapons
  7140 | D:8      | Reached XP level 10. HP: 44/88 MP: 9/9
  7344 | D:8      | Reached skill level 15 in Ranged Weapons
  7346 | D:8      | Reached *** piety under Okawaru
  7671 | D:9      | Identified the +0 chain mail "Xicedgh" {Str+3 Int+4}
  7717 | D:9      | Found a staircase to the Orcish Mines.
  7805 | D:9      | Found a glowing golden altar of the Shining One.
  7850 | D:9      | Found a shimmering altar of Xom.
  7860 | D:9      | Noticed a two-headed ogre
  7863 | D:9      | Killed a two-headed ogre
  7864 | D:9      | Reached skill level 16 in Ranged Weapons
  8229 | D:9      | Found a staircase to the Lair.
  8391 | D:9      | Reached **** piety under Okawaru
  8467 | D:10     | Entered Level 10 of the Dungeon
  8510 | D:10     | Reached skill level 17 in Ranged Weapons
  8589 | D:10     | Noticed Grum
  8604 | D:10     | Killed Grum
  8664 | D:10     | Found a runed translucent gate.
  8664 | D:10     | Found a runed translucent gate.
  8667 | D:10     | Found a runed translucent gate.
  8668 | D:10     | Noticed qeuew's ghost (journeyman SpHu)
  8668 | D:10     | Noticed mortz's ghost (novice MiFi)
  8668 | D:10     | Noticed whiskeysaurus's ghost (journeyman DrCj)
  8668 | D:10     | Noticed Rudyous's ghost (journeyman HOFi)
  8668 | D:10     | Noticed lokiplouj's ghost (novice MiBe)
  8754 | D:10     | Reached XP level 11. HP: 94/94 MP: 10/10
  8873 | D:10     | Reached ***** piety under Okawaru
  8874 | D:10     | Reached skill level 1 in Armour
  8874 | D:10     | Reached skill level 1 in Invocations
  9017 | D:10     | Noticed a green ugly thing
  9026 | D:10     | Killed a green ugly thing
  9067 | D:10     | Found a broken altar of Ashenzari.
  9278 | D:10     | Found the +8 whip "Snakebite" {venom, curare, rPois}
  9333 | Lair:1   | Entered Level 1 of the Lair of Beasts
  9651 | Lair:1   | Noticed an oklob plant
  9699 | Lair:1   | Received a gift from Okawaru
 10045 | Lair:1   | Killed an oklob plant
 10125 | Lair:2   | Noticed an oklob plant
 10437 | Lair:2   | Noticed Erica
 10447 | Lair:2   | Reached skill level 18 in Ranged Weapons
 10447 | Lair:2   | Reached skill level 5 in Dodging
 10453 | Lair:2   | Killed Erica
 10463 | Lair:2   | Reached skill level 5 in Armour
 10463 | Lair:2   | Reached XP level 12. HP: 58/106 MP: 8/14
 10467 | Lair:2   | Reached ****** piety under Okawaru
 10467 | Lair:2   | Identified the +2 pair of boots of Ejiotut {-Cast +Blink
                  | rElec rF++} (Okawaru gifted it to you on level 2 of the
                  | Lair of Beasts)
 10467 | Lair:2   | Received a gift from Okawaru
 10747 | Lair:2   | Reached skill level 10 in Fighting
 10879 | Lair:2   | Found a stormy altar of Qazlal.
 11138 | Lair:2   | Noticed Nergalle
 11148 | Lair:2   | Killed Nergalle
 11149 | Lair:2   | Reached skill level 1 in Evocations
 11180 | Lair:2   | Reached skill level 5 in Invocations
 11626 | Lair:3   | Found a staircase to the Swamp.
 11699 | Lair:3   | Noticed a boulder beetle
 11707 | Lair:3   | Killed a boulder beetle
 11961 | Lair:3   | Identified the +4 helmet "Xakhloh" {-Tele Harm rCorr}
 12076 | Lair:3   | Found a hole to the Spider Nest.
 12121 | Lair:3   | Noticed a four-headed hydra
 12410 | Lair:3   | Noticed Josephine
 12414 | Lair:3   | Killed Josephine
 12974 | Lair:4   | Received a gift from Okawaru
 13261 | Lair:4   | Noticed a boulder beetle
 13273 | Lair:4   | Killed a boulder beetle
 13273 | Lair:4   | Received a gift from Okawaru
 13274 | Lair:4   | Reached XP level 13. HP: 98/116 MP: 11/16
 13743 | Orc:1    | Entered Level 1 of the Orcish Mines
 14064 | Orc:2    | Entered Level 2 of the Orcish Mines
 14088 | Orc:2    | Received a gift from Okawaru
 14252 | Orc:2    | Paralysed by an ogre mage for 2 turns
 14254 | Orc:2    | HP: 3/117 [two-headed ogre/+0 giant spiked club (9)]
 14254 | Orc:2    | Mangled by a two-headed ogre

Illustrated notes

Levels and vault maps discovered:
D:1:      elethiomel_arrival_shortcut, layout_basic,
          dreamdust_ecumenical_altar_angels_and_demons
D:2:      minmay_chambers_of_twos, layout_loops_ring,
          kennysheep_generic_room_15, uniq_crazy_yiuf_cottage
D:3:      cheibrodos_helix_gallery, layout_rooms, mainiacjoe_overflow_alcove_1,
          mainiacjoe_overflow_surrounded_room
D:4:      layout_basic
D:5:      layout_rooms, mainiacjoe_overflow_brackets, serial_corexii_hall,
          chequers_hall_statues_y, corexii_hall_statues_deadend
D:6:      layout_rooms, slow_altar_1, mainiacjoe_overflow_boulevard,
          minmay_temple_entry_junction_2, uniq_menkaure, uniq_blork_the_orc
D:7:      lemuel_slime, layout_loops_corners, kennysheep_mini_moat,
          nicolae_ru_the_path_less_chosen, enter_ossuary_5, enter_bailey_5,
          grunt_ministairs_13
D:8:      layout_loops_ring
D:9:      layout_gridville, mainiacjoe_overflow_catch_the_wave,
          dpeg_oklobed_lair, kennysheep_orc_monster_closet_entryway
D:10:     layout_irregular_city, mainiacjoe_overflow_six_doors_small,
          gammafunk_ghost_cemetery, dreamdust_wishing_well, uniq_grum
Temple:   minmay_temple_forest_path
Lair:1:   layout_small_grid
Lair:2:   layout_cellular_growth, basic_altar, beast_lair_carwin_7,
          grunt_megastairs_2, uniq_erica, uniq_nergalle
Lair:3:   layout_gridlike, minmay_swamp_entry_wisps, dummy_spider_entry,
          chequers_serial_rivers_large_b, serial_bayou_lagoon_b, uniq_josephine
Lair:4:   layout_regular_city, minmay_slime_entry_oklob_enclosed, minivault_26,
          chequers_serial_rivers_marsh, serial_bayou_shore_b
Orc:1:    layout_diamond_mine, serial_shops, nicolae_shop_behind_doors
Orc:2:    st_orc_ogre_mass, layout_caves, nicolae_orc_lost_temple

Skill      XL: |  1  2  3  4  5  6  7  8  9 10 11 12 13 |
---------------+----------------------------------------+-----
Fighting       | 3 4 5 6 8 9 11 | 11.8
Ranged Weapons | 5 6 7 8 11 14 17 18 | 18.5
Armour         | 5 7 8 |  8.0
Invocations    | 4 6 7 |  7.2
Dodging        | 5 7 8 |  8.0
Evocations     | 3 4 |  4.7
Stealth        | |  0.7

Action                   |  1- 3 |  4- 6 |  7- 9 | 10-12 | 13-15 || total
-------------------------+-------+-------+-------+-------+-------++-------
Melee: Shortbow          |       |       |     7 |       |       ||     7
 Fire: Shortbow          |   102 |   170 |   390 |       |       ||   662
       Arbalest          |       |       |   127 |   644 |       ||   771
       Triple crossbow   |       |       |       |       |   107 ||   107
Invok: Finesse           |       |       |       |     3 |     2 ||     5
Evoke: Wand              |       |       |     6 |       |     3 ||     9
  Use: Scroll            |       |       |    11 |    11 |     4 ||    26
       Potion            |       |       |       |     1 |     1 ||     2
Armor: Leather armour    |    13 |    33 |       |       |       ||    46
       Scale mail        |       |     1 |   132 |   177 |    22 ||   332
Dodge: Dodged            |    27 |    64 |   152 |   308 |    68 ||   619
